 Dungeon Crawl Stone Soup version 0.29.1-2-gbd0b4ee654 (webtiles) character file.

Game seed: 1533242161723523345

214 raistware the Conjurer (level 5, -1/31 HPs)
             Began as an Octopode Conjurer on Oct 25, 2022.
             Slain by Crazy Yiuf
             ... wielding a +4 quarterstaff of chaos
              (2 damage)
             ... on level 3 of the Dungeon.
             The game lasted 00:06:29 (2922 turns).

raistware the Conjurer (Octopode Conjurer)          Turns: 2922, Time: 00:06:29

Health: -1/31      AC:  1    Str:  6    XL:     5   Next: 91%
Magic:  2/11       EV: 17    Int: 22    God:
Gold:   127        SH:  0    Dex: 11    Spells: 4/12 levels left

rFire   . . .      SeeInvis .   l - +2 dagger (freeze)
rCold   . . .      Faith    .   (no shield)
rNeg    . . .      Spirit   .   (helmet restricted)
rPois   .          Reflect  .   (no amulet)
rElec   .          Harm     .   b - +4 ring of evasion
rCorr   .          Rampage  .   (no ring)
Will    .....                   (no ring)
Stlth   +++.......              (no ring)
HPRegen 0.10/turn               (no ring)
MPRegen 0.12/turn               (no ring)
                                (no ring)
                                (no ring)

@: lethally poisoned (-1 -> -14), very slightly contaminated
A: almost no armour, amphibious, 8 rings, camouflage 1, gelatinous body 1,
(nimble swimmer 1), tentacles
a: no special abilities


You were on level 3 of the Dungeon.
You visited 1 branch of the dungeon, and saw 3 of its levels.

You collected 127 gold pieces.

Inventory:

Hand Weapons
 l - a +2 dagger of freezing (weapon)
Jewellery
 b - a +4 ring of evasion (left tentacle)
Wands
 n - a wand of flame (21)
Scrolls
 d - a scroll of torment {unknown}
 e - a scroll of enchant weapon {unknown}
 h - 5 scrolls of identify {unknown}
 j - 3 scrolls of teleportation {unknown}
 k - a scroll of butterflies {unknown}
 m - 2 scrolls of noise {unknown}
 o - a scroll of poison {unknown}
 q - a scroll of amnesia {unknown}
 r - 2 scrolls of fear {unknown}
Potions
 a - 2 potions of ambrosia {unknown}
 c - 2 potions of lignification {unknown}
 f - 3 potions of curing {unknown}
 g - 2 potions of degeneration {unknown}
 i - a potion of invisibility {unknown}
 p - a potion of mutation {unknown}
 s - a potion of magic
 t - a potion of heal wounds {unknown}


   Skills:
 - Level 2.0 Dodging
 - Level 3.0 Stealth
 + Level 4.1 Spellcasting
 + Level 4.5 Conjurations
 - Level 2.0 Translocations
 + Level 1.8 Earth Magic


You had 4 spell levels left.
You knew the following spells:

 Your Spells              Type           Power      Damage    Failure   Level
a - Magic Dart            Conj           96%        1d7       1%          1
b - Iskenderun's Mystic   Conj/Tloc      18%        2d6       28%         4
c - Stone Arrow           Conj/Erth      36%        3d9       9%          3

Your spell library contained the following spells:

 Spells                   Type           Power      Damage    Failure   Level
 Searing Ray              Conj           48%        2d6       2%          2
 Sandblast                Erth           24%        2d8       5%          1
 Passwall                 Tmut/Erth      6%         N/A       12%         2
 Dazzling Flash           Conj/Hex       28%        N/A       13%         3
 Confusing Touch          Hex            4%         N/A       32%         3
 Fulminant Prism          Conj/Hex       7%         3d7       41%         4
 Passage of Golubria      Tloc           13%        N/A       43%         4
 Silence                  Hex/Air        2%         N/A       97%         5
 Yara's Violent Unravell  Hex/Tmut       2%         3d3       97%         5
 Enfeeble                 Hex            2%         N/A       100%        7
 Lehudib's Crystal Spear  Conj/Erth      9%         10d4      100%        8


Dungeon Overview and Level Annotations

Branches:
Dungeon (3/15)

Altars:
Xom

Annotations:
D:3 Crazy Yiuf


Innate Abilities, Weirdness & Mutations

You cannot wear most types of armour.
You are amphibious.
You can wear up to eight rings at the same time.
Your skin changes colour to match your surroundings (Stealth+).
Your rubbery body absorbs attacks. (AC +1, EV +1)
((You are camouflaged when in or above water. (Stealth+)))
You have tentacles for arms and can constrict up to eight enemies at once.


Message History

Press: ? - help, Shift-Dir - straight line, f - Crazy Yiuf
Aim: Crazy Yiuf, wielding a +4 quarterstaff of chaos and wearing a +2 cloak (72% to hit)
You miscast Stone Arrow.
You are very lightly contaminated with residual magic.
Nothing appears to happen.
Casting: Stone Arrow (quite dangerous; 9% risk of failure)
Confirm with . or Enter, or press ? or * to list all spells.
The spell is quite dangerous to miscast (9% risk of failure)!
Continue anyway?
Aiming: Stone Arrow (quite dangerous; 9% risk of failure)
Press: ? - help, Shift-Dir - straight line, f/p - Crazy Yiuf
Aim: Crazy Yiuf, wielding a +4 quarterstaff of chaos and wearing a +2 cloak (72% to hit)
The stone arrow hits Crazy Yiuf.
Crazy Yiuf is moderately wounded.
Crazy Yiuf closely misses you.
Casting: Stone Arrow (quite dangerous; 9% risk of failure)
Confirm with . or Enter, or press ? or * to list all spells.
The spell is quite dangerous to miscast (9% risk of failure)!
Continue anyway?
Aiming: Stone Arrow (quite dangerous; 9% risk of failure)
Press: ? - help, Shift-Dir - straight line, f/p - Crazy Yiuf
Aim: Crazy Yiuf, wielding a +4 quarterstaff of chaos and wearing a +2 cloak (moderately wounded, 72% to hit)
The stone arrow misses Crazy Yiuf.
Crazy Yiuf hits you with a +4 quarterstaff of chaos!
You are poisoned.
Aiming: Throw Flame
Press: ? - help, Shift-Dir - straight line, f/p - Crazy Yiuf
Aim: Crazy Yiuf, wielding a +4 quarterstaff of chaos and wearing a +2 cloak (moderately wounded, 72% to hit)
The puff of flame misses Crazy Yiuf.
You feel very sick.
Crazy Yiuf hits you with a +4 quarterstaff of chaos.
You are lethally poisoned!
Aiming: Throw Flame
Press: ? - help, Shift-Dir - straight line, f/p - Crazy Yiuf
Aim: Crazy Yiuf, wielding a +4 quarterstaff of chaos and wearing a +2 cloak (moderately wounded, 72% to hit)
The puff of flame hits Crazy Yiuf but does no damage.
Crazy Yiuf is moderately wounded.
You feel very sick.
Crazy Yiuf hits you with a +4 quarterstaff of chaos!
* * * LOW HITPOINT WARNING * * *
Crazy Yiuf burns you.
You die...

#.........#
####.#<....
#.........#
#....##.#.#
#.........#
#.........# #
#[.)..#####
##.......## ###.....#
#.......# ..).....#
#.......# ...<....####
### #.......#
...........## ###..)#
#...##.##
............####@g...#
######.#
..........PP.#..##...#
###.#
............#.### ###
#...# ........#######
#...# ........# #...#
.#####..####### ###.#
..####........# ##.###
#...########.## #.....
###....#####.# #)....


You could see Crazy Yiuf.

Vanquished Creatures
  An orc priest (D:3)
  An iguana (D:3)
  2 orc wizards (D:3)
  4 adders
  3 worms
  A dart slug (D:2)
  2 orcs (D:2)
  3 ball pythons
  4 endoplasms
  4 giant cockroaches
  5 goblins
  4 hobgoblins
  7 jackals (D:3)
  6 bats
  2 frilled lizards
  6 kobolds
  2 rats (D:2)
57 creatures vanquished.

Vanquished Creatures (others)
  A fungus (D:3)
1 creature vanquished.

Grand Total: 58 creatures vanquished

Notes
Turn   | Place    | Note
-------+----------+-------------------------------------------
     0 | D:1      | raistware the Octopode Conjurer began the quest for the
                  | Orb.
     0 | D:1      | Reached XP level 1. HP: 11/11 MP: 3/3
    54 | D:1      | You fall into a shaft and drop 1 floor!
   193 | D:2      | Reached XP level 2. HP: 17/17 MP: 2/5
   426 | D:2      | Found a shimmering altar of Xom.
   491 | D:2      | Reached XP level 3. HP: 21/21 MP: 5/7
   739 | D:2      | Learned a level 3 spell: Stone Arrow
   819 | D:1      | Found a faded altar of an unknown god.
  1324 | D:2      | Reached XP level 4. HP: 27/27 MP: 4/9
  1329 | D:2      | Learned a level 4 spell: Iskenderun's Mystic Blast
  1898 | D:3      | Reached skill level 1 in Translocations
  2132 | D:3      | Reached XP level 5. HP: 29/31 MP: 0/11
  2234 | D:3      | Reached skill level 1 in Earth Magic
  2736 | D:3      | Found a runed translucent door.
  2737 | D:3      | Noticed Crazy Yiuf
  2922 | D:3      | HP: 1/31 [Crazy Yiuf/+4 quarterstaff of chaos (10)]
  2922 | D:3      | Slain by Crazy Yiuf

Illustrated notes

Levels and vault maps discovered:
D:1:      eino_arrival_druids_welcome, layout_basic,
          hellmonk_ecumenical_altar_leap_of_faith
D:2:      layout_loops_ring, basic_altar
D:3:      layout_basic, uniq_crazy_yiuf_cottage

Skill      XL: |  1  2  3  4  5 |
---------------+----------------+-----
Spellcasting   | 3 4 |  4.1
Translocations | 2 |  2.0
Stealth        | 3 |  3.0
Earth Magic    | 1 |  1.8
Dodging        | |  2.0
Conjurations   | |  4.5

Action                   |  1- 3 |  4- 6 || total
-------------------------+-------+-------++-------
Melee: Unarmed           |    17 |       ||    17
       Tentacles         |     5 |     3 ||     8
       Constrict         |     5 |     3 ||     8
       Punch             |     1 |       ||     1
       Dagger            |       |    22 ||    22
 Cast: Magic Dart        |    63 |    32 ||    95
       Stone Arrow       |       |    14 ||    14
Evoke: Wand              |       |     2 ||     2
  Use: Potion            |     1 |       ||     1
 Stab: Sleeping          |     3 |       ||     3
Armor: Skin              |     3 |       ||     3
Dodge: Dodged            |    14 |    13 ||    27
